 Dungeon Crawl Stone Soup version 0.30-a0-800-g7c544603b3 (webtiles) character file.

Game seed: 926738333763679098

13 Newt the Trooper (level 2, -1/24 HPs)
             Began as a Demonspawn Gladiator on Feb 21, 2023.
             Slain by a ball python (2 damage)
             ... on level 2 of the Dungeon.
             The game lasted 00:01:07 (409 turns).

Newt the Trooper (Demonspawn Gladiator)              Turns: 409, Time: 00:01:07

Health: -1/24      AC:  3    Str: 14    XL:     2   Next: 24%
Magic:  2/2        EV:  9    Int:  9    God:
Gold:   88         SH:  0    Dex: 14    Spells: 1/1 levels left

rFire   . . .      SeeInvis .    a - +0 rapier
rCold   . . .      Faith    .    (no shield)
rNeg    . . .      Spirit   .    b - +0 leather armour
rPois   .          Reflect  .    (helmet restricted)
rElec   .          Harm     .    (no cloak)
rCorr   .          Rampage  .    (no gloves)
Will    .....                    (no boots)
Stlth   +                        (no amulet)
HPRegen 0.24/turn                j - ring of flight
MPRegen 0.08/turn                (no ring)

@: flying, constricted
A: horns 1
a: no special abilities


You were on level 2 of the Dungeon.
You visited 1 branch of the dungeon, and saw 2 of its levels.

You collected 88 gold pieces.

Inventory:

Hand Weapons
 a - a +0 rapier (weapon)
Missiles
 d - a throwing net (quivered)
 e - a javelin
Armour
 b - a +0 leather armour (worn)
 c - a +0 helmet
Jewellery
 j - a ring of flight (left hand)
Scrolls
 g - 3 scrolls of fear {unknown}
 h - a scroll of teleportation {unknown}
 i - a scroll of immolation {unknown}
Potions
 f - 2 potions of curing {unknown}


   Skills:
 + Level 3.0 Fighting
 - Level 2.6 Short Blades
 - Level 1.7 Throwing
 - Level 2.6 Dodging


You had one spell level left.
You didn't know any spells.
Your spell library contained the following spells:

 Spells                   Type           Power      Damage    Failure   Level
 Summon Small Mammal      Summ           0%         N/A       45%         1
 Call Canine Familiar     Summ           0%         N/A       83%         3
 Ozocubu's Armour         Ice            0%         N/A       83%         3
 Summon Guardian Golem    Hex/Summ       0%         N/A       83%         3
 Metabolic Englaciation   Hex/Ice        0%         N/A       100%        5
 Simulacrum               Ice/Necr       0%         N/A       100%        6


Dungeon Overview and Level Annotations

Branches:
Dungeon (1/15)

Altars:


Innate Abilities, Weirdness & Mutations

You have a pair of small horns on your head.


Message History

The ball python bites you but does no damage.
The ball python constricts you.
Terence struggles against the net.
You catch the helpless Terence completely off-guard!
You hit Terence.
Terence is severely wounded.
The ball python misses you. The ball python constricts you.
Terence struggles against the net.
The frilled lizard bites you but does no damage.
You catch the helpless Terence completely off-guard!
You hit Terence.
Terence is severely wounded.
The ball python closely misses you. The ball python constricts you.
Terence struggles against the net.
The frilled lizard bites you but does no damage.
The ball python bites you but does no damage.
The ball python constricts you.
You hit Terence but do no damage.
Terence is severely wounded.
Terence struggles against the net.
The ball python barely misses you. The ball python constricts you.
The frilled lizard bites you but does no damage.
You hit Terence but do no damage. You headbutt Terence.
Terence is severely wounded.
The adder bites you.
The ball python bites you but does no damage.
The ball python constricts you.
* * * LOW HITPOINT WARNING * * *
Terence struggles against the net.
The frilled lizard bites you.
* * * LOW HITPOINT WARNING * * *
Throw: throwing net
Press: ? - help, Q - select action, (/) - cycle Shift-Dir - straight line, f/p - Terence
Aim: Terence, wielding a +0 flail and wearing a +0 scale mail (severely wounded, entangled in a net, 93% to hit)
Okay, then.
You catch the helpless Terence completely off-guard!
You puncture Terence!
You kill Terence!
The adder bites you.
* * * LOW HITPOINT WARNING * * *
The ball python bites you.
You die...

#. . ...# ###..
#.... ##.....
.....#####....###
# #.............
..#...##.##.####.
..................
.........S########
........@##
.......lS)#
............
..#......##(..
#.....## ###.#
#..... # #..##..
..# ...


You could see an adder, a ball python and a frilled lizard.

Vanquished Creatures
  Terence (D:2)
  A dart slug (D:1)
  A ball python (D:1)
  An endoplasm (D:1)
  A goblin (D:1)
  A kobold (D:1)
  A quokka (D:1)
  2 frilled lizards (D:1)
  3 rats (D:1)
12 creatures vanquished.

Notes
Turn   | Place    | Note
-------+----------+-------------------------------------------
     0 | D:1      | Newt the Demonspawn Gladiator began the quest for the Orb.
     0 | D:1      | Reached XP level 1. HP: 16/16 MP: 1/1
   256 | D:1      | Discovered your monstrous ancestry.
   256 | D:1      | Gained mutation: You have a pair of small horns on your
                  | head. [demonic ancestry]
   256 | D:1      | Reached XP level 2. HP: 21/23 MP: 2/2
   321 | D:1      | Reached skill level 3 in Fighting
   388 | D:1      | You are sucked into a shaft and drop 1 floor!
   395 | D:2      | Noticed Terence
   409 | D:2      | Killed Terence
   409 | D:2      | HP: 1/24 [adder (3)]
   409 | D:2      | Slain by a ball python

Illustrated notes

Levels and vault maps discovered:
D:1:      minmay_arrival_jagged, layout_loops_ring
D:2:      minmay_roachtagon, layout_rooms, uniq_jessica, uniq_terence,
          uniq_crazy_yiuf_cottage

Skill      XL: |  1  2 |
---------------+-------+-----
Fighting       | 3 |  3.0
Short Blades   | |  2.6
Throwing       | |  1.7
Dodging        | |  2.6

Action                     || total
---------------------------++-------
  Melee: Rapier            ||    43
         Headbutt          ||     4
  Throw: Throwing net      ||     2
   Stab: Held in net/web   ||     3
 Armour: Leather armour    ||    13
  Dodge: Dodged            ||    27

Table legend: (Time is in decaauts)
 A = Elapsed time spent in this place.
 B = Non-inter-level travel time spent in this place.
 C = Inter-level travel time spent in this place.
 D = Time resting spent in this place.
 E = Time spent auto-exploring this place.
 F = Levels seen in this place.
 G = Mean time per level.
                   A        B        C        D        E       F      G
               +--------+--------+--------+--------+--------+-----+--------+
         Total |    410 |    410 |      0 |      0 |    323 |   2 |  205.0 |
       Dungeon |    410 |    410 |      0 |      0 |    323 |   2 |  205.0 |
               +--------+--------+--------+--------+--------+-----+--------+

Top non-repeatable levels by time:
     D:1: 389 daAuts
     D:2: 21 daAuts
